 Dungeon Crawl Stone Soup version 0.18.1-50-g88ac8fd (webtiles) character file.

437 tyranidshit the Skirmisher (level 6, 0/56 HPs)
             Began as a Demonspawn Abyssal Knight on Sept 15, 2016.
             Was a Believer of Lugonu.
             Slain by a river rat (8 damage)
             ... summoned by Eustachio
             ... on level 5 of the Dungeon.
             The game lasted 00:07:37 (3357 turns).

tyranidshit the Skirmisher (DsAK)                   Turns: 3357, Time: 00:07:37

Health: 0/56       AC:  9    Str: 15    XL:     6   Next: 69%
Magic:  0/7        EV: 10    Int: 13    God:    Lugonu [**....]
Gold:   310        SH:  0    Dex: 12    Spells: 0 memorised, 5 levels left

rFire  . . .     SeeInvis +     a - +2 hand axe
rCold  . . .     Gourm    .     s - +0 ring mail
rNeg   . . .     Faith    .     (no shield)
rPois  .         Spirit   +     (no helmet)
rElec  .         Dismiss  .     l - +1 cloak
rCorr  .         Reflect  .     (no gloves)
SustAt .         Harm     .     (no boots)
MR     .....                    m - amulet of regeneration
Stlth  +.........               (no ring)
                                n - ring of see invisible

@: not resistant to hostile enchantments, very unstealthy
A: thin metallic scales 1, magic shield
a: Depart the Abyss, Bend Space, Renounce Religion


You were on level 5 of the Dungeon.
You worshipped Lugonu.
Lugonu was pleased with you.
You were not hungry.

You visited 1 branch of the dungeon, and saw 5 of its levels.
You visited the Abyss 1 time.

You collected 310 gold pieces.

Inventory:

Hand Weapons
 a - a +2 hand axe (weapon)
 g - a +0 rapier
Armour
 b - a +0 leather armour
 d - a +0 leather armour
 l - a +1 cloak (worn)
 s - a +0 ring mail (worn)
Jewellery
 m - an amulet of regeneration (around neck)
 n - a ring of see invisible (left hand)
Scrolls
 e - 5 scrolls of identify
 f - 2 scrolls of brand weapon
 k - a scroll of recharging
 o - a scroll of teleportation
Potions
 j - a potion of resistance
Comestibles
 h - a meat ration
 i - a bread ration


   Skills:
 + Level 7.6 Fighting
 - Level 1.7 Axes
 - Level 1.7 Armour
 - Level 0.8 Dodging
 - Level 2.4 Invocations


You had 5 spell levels left.
You didn't know any spells.

Dungeon Overview and Level Annotations

Branches:
Dungeon (5/15)
 Temple: D:4-7

Altars:
Cheibriados
Elyvilon
Makhleb
Pakellas
Sif Muna
The Shining One

Shops:
D:5 *

Annotations:
D:5 Eustachio


Innate Abilities, Weirdness & Mutations

You are partially covered in thin metallic scales (AC +2).
When hurt, damage is shared between your health and your magic reserves.


Message History

Eustachio mumbles some strange words.
The river rat bites you.
* * * LOW HITPOINT WARNING * * *
You hit Eustachio.
Eustachio is severely wounded.
You hit the ufetubus.
The ufetubus is heavily wounded.
You hit the river rat but do no damage.
Eustachio says, "My allies will avenge me."
Eustachio hits you with a rapier of protection.
* * * LOW HITPOINT WARNING * * *
The ufetubus barely misses you. The ufetubus closely misses you.
The river rat bites you!
* * * LOW HITPOINT WARNING * * *
You hit Eustachio.
Eustachio is severely wounded.
You hit the river rat but do no damage. You closely miss the ufetubus.
The ufetubus is heavily wounded.
The ufetubus closely misses you. x2; The river rat bites you!
You die...

###...##......###..#
#. #.###......# #
#.## ##.....# #.#
##$#### #. #.# #5#
##.#


br# ##.## #@###.## #@5.## ##r## #.# #.# #.# #.# #.# #.# #.. You could see
Eustachio, an iron imp, a river rat, an ufetubus, a bat and a rat.

Vanquished Creatures
  A phantom (D:4)
  A howler monkey (D:4)
  An iguana (D:4)
  4 worker ants
  A hound skeleton (D:4)
  3 gnolls
  8 adders
  An adder skeleton (D:5)
  A worm (D:2)
  2 dart slugs (D:2)
  5 giant geckos
  An orc (D:3)
  2 giant cockroaches
  4 hobgoblins
  2 jackals (D:4)
  5 quokkas
  11 bats
  4 giant newts
  3 goblins
  4 kobolds
  3 rats
67 creatures vanquished.

Notes
Turn   | Place    | Note
--------------------------------------------------------------
     0 | Abyss:1  | tyranidshit the Demonspawn Abyssal Knight began the quest for the Orb.
     0 | Abyss:1  | Reached XP level 1. HP: 18/18 MP: 2/2
    18 | Abyss:1  | Found a corrupted altar of Lugonu.
    75 | Abyss:2  | Noticed an efreet
    79 | Abyss:2  | Noticed a small abomination
    79 | D:1      | Escaped the Abyss
   188 | D:1      | Reached * piety under Lugonu
   354 | D:1      | Gained mutation: When hurt, damage is shared between your health and your magic reserves. [demonic ancestry]
   354 | D:1      | Reached XP level 2. HP: 15/24 MP: 3/3
  1068 | D:2      | Reached skill level 4 in Fighting
  1068 | D:2      | Reached XP level 3. HP: 16/30 MP: 2/4
  1275 | D:2      | Reached XP level 4. HP: 18/38 MP: 2/5
  1328 | D:2      | Reached skill level 5 in Fighting
  1682 | D:2      | Found an oddly glowing altar of Pakellas.
  1819 | D:2      | Reached ** piety under Lugonu
  2058 | D:3      | Reached XP level 5. HP: 37/46 MP: 2/6
  2136 | D:3      | Found a burning altar of Makhleb.
  2182 | D:3      | Found a glowing golden altar of the Shining One.
  2308 | D:3      | Found a white marble altar of Elyvilon.
  2373 | D:3      | Found a snail-covered altar of Cheibriados.
  2434 | D:4      | Reached skill level 6 in Fighting
  2456 | D:4      | Noticed a phantom
  2540 | D:4      | Killed a phantom
  2540 | D:4      | Reached skill level 7 in Fighting
  2540 | D:4      | Gained mutation: You are partially covered in thin metallic scales (AC +2). [demonic ancestry]
  2540 | D:4      | Reached XP level 6. HP: 24/55 MP: 4/7
  2784 | D:4      | Found a deep blue altar of Sif Muna.
  3216 | D:5      | Entered Level 5 of the Dungeon
  3240 | D:5      | Noticed Eustachio
  3271 | D:5      | Found Vahof's General Store.
  3357 | D:5      | Slain by a river rat

Skill      XL: |  1  2  3  4  5 |
---------------+----------------+-----
Fighting       | 4 5 7 |  7.6
Axes           | |  1.7
Armour         | |  1.7
Dodging        | |  0.8
Invocations    | |  2.4

Action                   |  1- 3 |  4- 6 || total
-------------------------+-------+-------++-------
Melee: Hand axe          |   133 |   254 ||   387
Invok: Depart the Abyss  |     1 |       ||     1
  Use: Scroll            |     5 |     6 ||    11
       Potion            |     4 |     3 ||     7
  Eat: Bread ration      |     1 |     1 ||     2
Armor: Leather armour    |    62 |     9 ||    71
       Ring mail         |       |   116 ||   116
Dodge: Dodged            |   126 |   166 ||   292
